 Dungeon Crawl Stone Soup version 0.28.0-45-g0d030f2227 (webtiles) character file.

Game seed: 7549821974882566434

23451 101zpm the Thaumaturge (level 13, -1/98 HPs)
             Began as a Gnoll Air Elementalist on Apr 21, 2022.
             Was a High Priest of Makhleb.
             Shot with a bolt by an orc knight (17 damage)
             ... on level 2 of the Orcish Mines.
             The game lasted 01:54:55 (21765 turns).

101zpm the Thaumaturge (Gnoll Air Elementalist)    Turns: 21765, Time: 01:54:55

Health: -1/98      AC: 10    Str: 22    XL:     13   Next: 6%
Magic:  1/35       EV: 15    Int: 21    God:    Makhleb [*****.]
Gold:   375        SH:  0    Dex: 12    Spells: 3/30 levels left

rFire   . . .      SeeInvis .   S - +8 long sword of Putrescence {speed, Str+6 Stlth-}
rCold   . . .      Faith    .   (no shield)
rNeg    + + +      Spirit   .   Q - +1 leather armour "Qunn" {rPois Str+6 Dex+4}
rPois   +          Reflect  .   J - +2 hat of Least Resistance {rN+++ Str+3 Dex-4}
rElec   .          Harm     .   d - +0 cloak
rCorr   .          Rampage  .   X - +1 pair of gloves {infuse}
Will    +....                   (no boots)
Stlth   +++.......              I - amulet of magic regeneration
HPRegen 0.26/turn               l - ring of magical power
MPRegen 0.64/turn               K - ring of willpower

@: no status effects
A: fangs 1, strong nose, distributed training
a: Renounce Religion, Minor Destruction, Lesser Servant of Makhleb, Major
Destruction, Greater Servant of Makhleb


You were on level 2 of the Orcish Mines.
You worshipped Makhleb.
Makhleb was extremely pleased with you.
You visited 3 branches of the dungeon, and saw 15 of its levels.

You collected 731 gold pieces.
You spent 356 gold pieces at shops.

Inventory:

Hand Weapons
 S - the +8 long sword of Putrescence (weapon) {speed, Str+6 Stlth-}
   (You found it on level 10 of the Dungeon)

   Attacks with this weapon are significantly faster.
   Str:       It affects your strength (+6).
   Stlth:     It makes you less stealthy.
 U - the +4 executioner's axe of Athef {vorpal, Fragile MP+9 Str+9}
   (You took it off an orc wizard on level 9 of the Dungeon)

   It inflicts extra damage upon your enemies.
   Str:       It affects your strength (+9).
   MP:        It affects your magic capacity (+9).
   Fragile:   It will be destroyed if unequipped.
Missiles
 n - 485 stones
 o - 18 poisoned darts
 p - 8 atropa-tipped darts
 r - 237 arrows
 s - 95 sling bullets
 w - 8 javelins
 Z - a throwing net
Armour
 d - a +0 cloak (worn)
 E - a +1 robe of fire resistance
 J - the +2 hat of Least Resistance (worn) {rN+++ Str+3 Dex-4}
   (You found it on level 6 of the Dungeon)

   Str:       It affects your strength (+3).
   Dex:       It affects your dexterity (-4).
   rN:        It renders you almost immune to negative energy.
 Q - the +1 leather armour "Qunn" (worn) {rPois Str+6 Dex+4}
   (You found it on level 10 of the Dungeon)

   Str:       It affects your strength (+6).
   Dex:       It affects your dexterity (+4).
   rPois:     It protects you from poison.
 X - a +1 pair of gloves of infusion (worn)
 Y - the +18 Lear's hauberk
   (You took it off an orc on level 9 of the Dungeon)
Magical Staves
 N - a staff of fire
 W - a staff of conjuration
Jewellery
 l - a ring of magical power (left hand)
 H - an amulet of reflection
 I - an amulet of magic regeneration (around neck)
 K - a ring of willpower (right hand)
 M - an amulet of faith
 P - an amulet of the acrobat
 V - an amulet of regeneration
Wands
 g - a wand of mindburst (8)
 m - a wand of polymorph (18)
 q - a wand of charming (3)
Scrolls
 a - a scroll of fear {unknown}
 b - 2 scrolls of amnesia
 j - 2 scrolls of brand weapon
 k - 4 scrolls of identify
 u - 7 scrolls of teleportation
 v - a scroll of acquirement {unknown}
 y - 3 scrolls of blinking
 z - 2 scrolls of vulnerability
 C - a scroll of immolation {unknown}
 F - 4 scrolls of magic mapping
 G - 2 scrolls of enchant armour {unknown}
 R - a scroll of enchant weapon {unknown}
Potions
 c - 3 potions of mutation {unknown}
 e - 2 potions of degeneration {unknown}
 f - 6 potions of curing {unknown}
 h - 6 potions of lignification {unknown}
 i - 2 potions of might {unknown}
 t - 2 potions of flight {unknown}
 A - 2 potions of cancellation {unknown}
 B - a potion of magic {unknown}
 O - a potion of berserk rage {unknown}
 T - 3 potions of resistance {unknown}


   Skills:
 + Level 7.9 Fighting
 + Level 7.9 Short Blades
 + Level 7.9 Long Blades
 + Level 7.9 Axes
 + Level 7.9 Maces & Flails
 + Level 7.9 Polearms
 + Level 7.9 Staves
 + Level 7.9 Slings
 + Level 7.9 Bows
 + Level 7.9 Crossbows
 + Level 7.9 Throwing
 + Level 7.9 Armour
 + Level 9.2 Dodging
 + Level 9.0 Stealth
 + Level 7.9 Shields
 + Level 7.9 Unarmed Combat
 + Level 9.4 Spellcasting
 + Level 7.0 Conjurations
 + Level 6.6 Hexes
 + Level 6.6 Summonings
 + Level 6.6 Necromancy
 + Level 6.6 Translocations
 + Level 6.6 Transmutations
 + Level 6.6 Fire Magic
 + Level 6.6 Ice Magic
 + Level 8.6 Air Magic
 + Level 6.6 Earth Magic
 + Level 6.6 Poison Magic
 + Level 8.7 Invocations
 + Level 7.9 Evocations


You had 3 spell levels left.
You knew the following spells:

 Your Spells              Type           Power      Damage    Failure   Level
a - Shock                 Conj/Air       100%       1d9       1%          1
b - Static Discharge      Conj/Air       42%        N/A       1%          2
c - Swiftness             Air            46%        N/A       1%          3
d - Airstrike             Air            23%        N/A       2%          4
e - Frozen Ramparts       Ice            74%        1d9       1%          3
f - Hailstorm             Conj/Ice       38%        3d9       4%          4
g - Stone Arrow           Conj/Erth      76%        3d11      1%          3
h - Animate Armour        Summ/Erth      74%        N/A       4%          4
i - Tukima's Dance        Hex            37%        N/A       1%          3

Your spell library contained the following spells:

 Spells                   Type           Power      Damage    Failure   Level
 Animate Skeleton         Necr           74%        N/A       1%          1
 Apportation              Tloc           74%        N/A       1%          1
 Freeze                   Ice            100%       1d11      1%          1
 Summon Small Mammal      Summ           100%       N/A       1%          1
 Ensorcelled Hibernation  Hex/Ice        74%        N/A       1%          2
 Passwall                 Tmut/Erth      30%        N/A       1%          2
 Sublimation of Blood     Necr           37%        N/A       1%          2
 Wereblood                Tmut           37%        N/A       1%          2
 Portal Projectile        Hex/Tloc       74%        N/A       1%          3
 Leda's Liquefaction      Hex/Erth       18%        N/A       4%          4
 Freezing Cloud           Conj/Ice/Air   20%        6-21      10%         5
 Simulacrum               Ice/Necr       18%        N/A       61%         6
 Summon Hydra             Summ           18%        N/A       99%         7
 Lehudib's Crystal Spear  Conj/Erth      19%        10d6      100%        8
 Polar Vortex             Ice            18%        N/A       100%        9


Dungeon Overview and Level Annotations

Branches:
Dungeon (12/15)            Temple (1/1) D:6            Lair (0/6) D:8
    Orc (1/2) D:12

Altars:
Ashenzari
Cheibriados
Dithmenos
Elyvilon
Fedhas
Gozag
Hepliaklqana
Kikubaaqudgha
Makhleb
Nemelex Xobeh
Okawaru
Qazlal
Ru
Sif Muna
Trog
Uskayaw
Vehumet
Wu Jian
Xom
Yredelemnul
Zin
The Shining One

Shops:
D:4 :   D:6 *   D:8 ?   D:11 (   Orc:1 [   Orc:2 =


Innate Abilities, Weirdness & Mutations

You have very sharp teeth.
Your uncanny sense of smell can sniff out nearby items.
Your experience applies equally to all skills.


Message History

Casting: Airstrike (dangerous; 2% risk of failure)
Confirm with . or Enter, or press ? or * to list all spells.
Aiming: Airstrike (dangerous; 2% risk of failure)
Press: ? - help, Dir - move target, f/p - orc knight
Aim: an orc knight, wielding a +0 arbalest, wearing a +0 plate armour and quivering bolts (severely wounded, ally target, empty space bonus: 8/8)
The air twists around and strikes the orc knight!
The orc knight is almost dead.
The orc knight shoots a bolt.
The bolt hits your animated leather armour!
Your animated leather armour is destroyed!
Your animated leather armour disappears in a puff of smoke!
Okay, then.
Okay, then.
Okay, then.
Okay, then.
Aiming: Shock (safe; 1% risk of failure)
Press: ? - help, Q - select action, (/) - cycle Shift-Dir - straight line, f/p - orc knight
Aim: an orc knight, wielding a +0 arbalest, wearing a +0 plate armour and quivering bolts (severely wounded, 74% to hit)
The zap misses the orc knight.
The orc knight shoots a bolt.
The bolt hits you.
* * * LOW HITPOINT WARNING * * *
Aiming: Shock (safe; 1% risk of failure)
Press: ? - help, Q - select action, (/) - cycle Shift-Dir - straight line, f/p - orc knight
Aim: an orc knight, wielding a +0 arbalest, wearing a +0 plate armour and quivering bolts (severely wounded, 74% to hit)
The zap hits the orc knight!
The orc knight is almost dead.
The orc knight shoots a bolt.
The bolt hits you!
* * * LOW HITPOINT WARNING * * *
Aiming: Shock (safe; 1% risk of failure)
Press: ? - help, Q - select action, (/) - cycle Shift-Dir - straight line, f/p - orc knight
Aim: an orc knight, wielding a +0 arbalest, wearing a +0 plate armour and quivering bolts (almost dead, 74% to hit)
The zap hits the orc knight.
The orc knight is almost dead.
Aiming: Shock (safe; 1% risk of failure)
Press: ? - help, Q - select action, (/) - cycle Shift-Dir - straight line, f/p - orc knight
Aim: an orc knight, wielding a +0 arbalest, wearing a +0 plate armour and quivering bolts (almost dead, 74% to hit)
The zap hits the orc knight.
The orc knight is almost dead.
The orc knight shoots a bolt.
The bolt hits you!
You die...

................
......8.........
........∩.......
.........)......
.......))).P..#
#.$#....o....#
......P.)....#
...........#.#..
#.......@.......
##..............
#...............
........$.#.....
.....###..##....
...## #### #...
.. #.. ∆ #.


You could see an orc knight.

Vanquished Creatures
  A death knight (D:11)
  6 two-headed ogres
  Pikel (D:4)
  3 deep elf pyromancers (D:9)
  2 cyclopes
  2 slime creatures (D:12)
  2 manticores (D:9)
  2 gargoyles (D:11)
  2 kobold demonologists (D:12)
  An unseen horror (D:12)
  Maggie (D:9)
  2 komodo dragons (D:12)
  3 trolls
  A hornet (D:6)
  Grinder (D:4)
  Sigmund (D:5)
  2 shadows
  3 wraiths
  7 yaks
  Eustachio (D:5)
  2 vampires
  4 wyverns
  3 basilisks (D:8)
  2 steam dragons (D:10)
  7 vampire mosquitoes (D:12)
  6 water moccasins
  Duvessa (D:7)
  2 ice beasts
  2 sky beasts
  A hornet zombie (D:5)
  17 orc warriors
  3 black bears
  A necrophage (D:6)
  6 ogres
  6 centaurs
  A lemure (D:4)
  A phantom (D:5)
  2 wolves (D:8)
  2 kobold brigands
  3 bullfrogs
  2 scorpions
  5 gnoll sergeants
  Dowan (D:7)
  7 killer bees
  17 wights
  2 howler monkeys
  A centaur zombie (D:5)
  A hound (D:6)
  4 jellies
  A bullfrog skeleton (D:4)
  6 orc priests
  2 centaur skeletons
  A gnoll shaman (D:4)
  Natasha (thrice) (D:4)
  4 iguanas
  16 orc wizards
  2 killer bee zombies
  A hound skeleton (D:4)
  Robin (D:2)
  30 gnolls
  3 howler monkey zombies
  6 adders
  3 white imps
  2 ufetubi
  2 worms
  3 dart slugs (D:1)
  42 orcs
  6 ball pythons
  5 endoplasms
  2 giant cockroaches
  16 goblins
  8 hobgoblins
  12 kobolds
  2 quokkas
  9 bats
  2 frilled lizards
  3 rats
349 creatures vanquished.

Vanquished Creatures (collateral kills)
  A gnoll (Orc:1)
1 creature vanquished.

Vanquished Creatures (others)
  5 fungi
  27 plants
32 creatures vanquished.

Grand Total: 382 creatures vanquished

Notes
Turn   | Place    | Note
-------+----------+-------------------------------------------
     0 | D:1      | 101zpm the Gnoll Air Elementalist began the quest for the
                  | Orb.
     0 | D:1      | Reached XP level 1. HP: 13/13 MP: 6/6
   221 | D:1      | Reached XP level 2. HP: 19/19 MP: 3/7
   771 | D:1      | Reached XP level 3. HP: 25/25 MP: 6/9
   812 | D:1      | Reached skill level 5 in Spellcasting
  1011 | D:1      | Found a faded altar of an unknown god.
  1159 | D:1      | Reached skill level 1 in Invocations
  1668 | D:3      | Reached skill level 1 in Fighting
  1668 | D:3      | Reached skill level 1 in Short Blades
  1668 | D:3      | Reached skill level 1 in Long Blades
  1668 | D:3      | Reached skill level 1 in Axes
  1668 | D:3      | Reached skill level 1 in Maces & Flails
  1668 | D:3      | Reached skill level 1 in Polearms
  1668 | D:3      | Reached skill level 1 in Staves
  1668 | D:3      | Reached skill level 1 in Slings
  1668 | D:3      | Reached skill level 1 in Bows
  1668 | D:3      | Reached skill level 1 in Crossbows
  1668 | D:3      | Reached skill level 1 in Throwing
  1668 | D:3      | Reached skill level 1 in Armour
  1668 | D:3      | Reached skill level 1 in Shields
  1668 | D:3      | Reached skill level 1 in Unarmed Combat
  1668 | D:3      | Reached skill level 1 in Evocations
  1856 | D:4      | Noticed an ogre
  1874 | D:5      | Entered Level 5 of the Dungeon
  1880 | D:4      | Learned a level 2 spell: Static Discharge
  1884 | D:4      | Learned a level 3 spell: Swiftness
  1891 | D:4      | Reached XP level 4. HP: 27/32 MP: 8/11
  1950 | D:5      | Reached skill level 1 in Hexes
  1950 | D:5      | Reached skill level 1 in Summonings
  1950 | D:5      | Reached skill level 1 in Necromancy
  1950 | D:5      | Reached skill level 1 in Translocations
  1950 | D:5      | Reached skill level 1 in Transmutations
  1950 | D:5      | Reached skill level 1 in Fire Magic
  1950 | D:5      | Reached skill level 1 in Ice Magic
  1950 | D:5      | Reached skill level 1 in Earth Magic
  1950 | D:5      | Reached skill level 1 in Poison Magic
  2142 | D:5      | Noticed a scorpion
  2148 | D:5      | Killed a scorpion
  2149 | D:5      | Reached XP level 5. HP: 37/37 MP: 7/12
  2269 | D:4      | Noticed a centaur
  2269 | D:4      | Found Adozerch's Book Emporium.
  2367 | D:5      | Reached XP level 6. HP: 44/44 MP: 9/13
  2372 | D:5      | Learned a level 4 spell: Airstrike
  2554 | D:5      | Noticed Sigmund
  2565 | D:4      | Reached skill level 5 in Dodging
  3041 | D:6      | Noticed a hornet
  3113 | D:6      | HP: 2/44 [bullfrog (2)]
  3115 | D:6      | Reached XP level 7. HP: 3/50 MP: 15/15
  3541 | D:6      | Found Hidad's General Store.
  3583 | D:6      | Found a staircase to the Ecumenical Temple.
  3603 | Temple   | Entered the Ecumenical Temple
  3926 | Temple   | Became a worshipper of Makhleb the Destroyer
  4507 | D:2      | Noticed Robin
  4514 | D:2      | Killed Robin
  5255 | D:4      | HP: 1/51 [centaur/arrow (6)]
  5768 | D:4      | Noticed Pikel
  5997 | D:4      | Noticed Natasha
  6001 | D:4      | Killed Natasha
  6002 | D:4      | Reached skill level 5 in Stealth
  6443 | D:4      | Noticed Natasha
  6445 | D:4      | Killed Natasha
  8399 | D:4      | Noticed Natasha
  8401 | D:4      | Killed Natasha
  8647 | D:4      | You fall into a shaft and drop 1 floor!
  8673 | D:5      | Killed Sigmund
  8674 | D:5      | Reached XP level 8. HP: 32/58 MP: 7/16
  9842 | D:5      | Noticed Eustachio
  9853 | D:5      | Killed Eustachio
 10021 | D:4      | Killed Pikel
 10022 | D:4      | Reached XP level 9. HP: 48/65 MP: 18/18
 10326 | D:4      | Noticed Grinder
 10435 | D:4      | Killed Grinder
 11377 | D:6      | Killed a hornet
 11959 | D:4      | Bought a book of Frost for 308 gold pieces
 11963 | D:4      | Learned a level 3 spell: Frozen Ramparts
 11968 | D:4      | Learned a level 4 spell: Hailstorm
 11972 | D:4      | Learned a level 3 spell: Stone Arrow
 12174 | D:6      | Reached * piety under Makhleb
 12175 | D:6      | Reached skill level 5 in Invocations
 12327 | D:6      | Identified the +2 hat of Least Resistance {rN+++ Str+3
                  | Dex-4}
 12348 | D:6      | Reached XP level 10. HP: 73/73 MP: 20/20
 13046 | D:7      | Reached skill level 5 in Fighting
 13046 | D:7      | Reached skill level 5 in Short Blades
 13046 | D:7      | Reached skill level 5 in Long Blades
 13046 | D:7      | Reached skill level 5 in Axes
 13046 | D:7      | Reached skill level 5 in Maces & Flails
 13046 | D:7      | Reached skill level 5 in Polearms
 13046 | D:7      | Reached skill level 5 in Staves
 13046 | D:7      | Reached skill level 5 in Slings
 13046 | D:7      | Reached skill level 5 in Bows
 13046 | D:7      | Reached skill level 5 in Crossbows
 13046 | D:7      | Reached skill level 5 in Throwing
 13046 | D:7      | Reached skill level 5 in Armour
 13046 | D:7      | Reached skill level 5 in Shields
 13046 | D:7      | Reached skill level 5 in Unarmed Combat
 13046 | D:7      | Reached skill level 5 in Evocations
 13295 | D:7      | Noticed Duvessa
 13297 | D:7      | Noticed Dowan
 13298 | D:7      | Killed Duvessa
 13302 | D:7      | Killed Dowan
 14096 | D:8      | Reached skill level 5 in Conjurations
 14226 | D:8      | Reached ** piety under Makhleb
 14446 | D:8      | Found a staircase to the Lair.
 14488 | D:8      | Found Igoateor's Magic Scroll Boutique.
 14508 | D:8      | Bought a scroll of identify for 24 gold pieces
 14508 | D:8      | Bought a scroll of identify for 24 gold pieces
 14516 | D:8      | Learned a level 4 spell: Animate Armour
 14960 | D:9      | Reached XP level 11. HP: 53/81 MP: 3/22
 15556 | D:9      | Reached skill level 5 in Hexes
 15556 | D:9      | Reached skill level 5 in Summonings
 15556 | D:9      | Reached skill level 5 in Necromancy
 15556 | D:9      | Reached skill level 5 in Translocations
 15556 | D:9      | Reached skill level 5 in Transmutations
 15556 | D:9      | Reached skill level 5 in Fire Magic
 15556 | D:9      | Reached skill level 5 in Ice Magic
 15556 | D:9      | Reached skill level 5 in Earth Magic
 15556 | D:9      | Reached skill level 5 in Poison Magic
 16000 | D:9      | Noticed a two-headed ogre
 16004 | D:9      | Noticed a deep elf pyromancer
 16007 | D:9      | Killed a two-headed ogre
 16007 | D:9      | Noticed a manticore
 16018 | D:9      | Identified the +4 executioner's axe of Athef {vorpal,
                  | Fragile MP+9 Str+9}
 16018 | D:9      | Noticed a manticore
 16018 | D:9      | Noticed a deep elf pyromancer
 16018 | D:9      | Noticed a deep elf pyromancer
 16018 | D:9      | Noticed a cyclops
 16306 | D:10     | Entered Level 10 of the Dungeon
 16712 | D:10     | Noticed a two-headed ogre
 16716 | D:10     | Killed a two-headed ogre
 16793 | D:10     | Reached *** piety under Makhleb
 16871 | D:10     | Noticed a two-headed ogre
 16876 | D:10     | Killed a two-headed ogre
 16949 | D:10     | Identified the +1 leather armour "Qunn" {rPois Str+6 Dex+4}
 17408 | D:10     | Identified the +8 long sword of Putrescence {speed, Str+6
                  | Stlth-}
 17504 | D:9      | Found a sparkling altar of Nemelex Xobeh.
 17597 | D:9      | Killed a manticore
 17803 | D:9      | Noticed Maggie
 17809 | D:9      | Killed Maggie
 17896 | D:9      | Killed a deep elf pyromancer
 17969 | D:9      | Killed a cyclops
 17991 | D:9      | Killed a manticore
 18201 | D:9      | Killed a deep elf pyromancer
 18358 | D:9      | Killed a deep elf pyromancer
 18359 | D:9      | Reached XP level 12. HP: 89/89 MP: 22/24
 19042 | D:11     | Noticed a death knight
 19052 | D:11     | Killed a death knight
 19482 | D:11     | Reached **** piety under Makhleb
 19990 | D:11     | Found Qotwetho's Weapon Emporium.
 20002 | D:12     | Noticed a two-headed ogre
 20322 | D:12     | Found a staircase to the Orcish Mines.
 20590 | D:12     | Reached ***** piety under Makhleb
 20675 | D:12     | Got Erum's Grimoire of Flying Enchantment
 20680 | D:12     | Learned a level 3 spell: Tukima's Dance
 21206 | D:12     | Killed a two-headed ogre
 21355 | D:12     | Noticed a two-headed ogre
 21370 | D:12     | Killed a two-headed ogre
 21607 | Orc:1    | Entered Level 1 of the Orcish Mines
 21607 | Orc:1    | Noticed a two-headed ogre
 21612 | Orc:1    | Killed a two-headed ogre
 21613 | Orc:1    | Reached XP level 13. HP: 93/98 MP: 21/26
 21741 | Orc:1    | Found Ykagym's Armour Emporium.
 21749 | Orc:1    | You fall into a shaft and drop 1 floor!
 21749 | Orc:2    | Entered Level 2 of the Orcish Mines
 21749 | Orc:2    | Found Casinae's Jewellery Shoppe.
 21765 | Orc:2    | Shot with a bolt by an orc knight

Illustrated notes

Levels and vault maps discovered:
D:1:      giann_wishing_wells, layout_loops_corners,
          shapermc_ecumenical_altar_venn, serial_forest,
          infiniplex_forest_corner_1, infiniplex_forest_lined_room_2,
          infiniplex_forest_straight_2, infiniplex_forest_lined_3,
          infiniplex_forest_diagonal, infiniplex_forest_zigzag_1,
          infiniplex_forest_clump_curved
D:2:      layout_basic, uniq_robin
D:3:      minmay_general_purpose_star, layout_basic
D:4:      nicolae_BIG_FREAKIN_CUBE, layout_cave_pools, nicolae_take_the_stairs,
          uniq_grinder, uniq_pikel, uniq_natasha
D:5:      layout_basic, uniq_eustachio, uniq_sigmund
D:6:      layout_basic, minmay_temple_entry_statues, serial_shops, shop,
          minmay_joined_circles
D:7:      layout_rooms, hangedman_decor_clover_reticule, minmay_misc_feat_cross,
          kennysheep_nondescript, grunt_decor_resistance, uniq_duvessa
D:8:      layout_gridville, minmay_lair_entry_grove, serial_shops, shop
D:9:      minmay_the_grid_triangle_9x9_rhombus_thin
          [minmay_the_grid_triangle_9x9_steps,
          minmay_the_grid_triangle_9x9_prize_insulated,
          minmay_the_grid_triangle_9x9_wacky_v,
          minmay_the_grid_triangle_9x9_sparse_checkered], layout_loops_ring,
          lemuel_crystal_altar, uniq_maggie
D:10:     layout_roguey
D:11:     layout_irregular_city, serial_shops, shop
D:12:     layout_roguey, kennysheep_orc_monster_closet_entryway,
          minmay_misc_feat_room, nicolae_wwwww, minmay_fractal_squares_5
Temple:   nicolae_temple_the_god_donut
Orc:1:    layout_caves, nicolae_volcano_entry_vermiform, serial_shops, shop,
          uniq_urug, uniq_fannar
Orc:2:    grunt_orc_gardens, layout_diamond_mine, grunt_orc_garden,
          grunt_orc_garden, grunt_orc_garden, grunt_orc_garden, serial_shops,
          nicolae_shop_waterfront, mines_bat_river

Skill      XL: |  1  2  3  4  5  6  7  8  9 10 11 12 13 |
---------------+----------------------------------------+-----
Conjurations   | 2 3 4 5 6 7 |  7.0
Spellcasting   | 5 6 7 8 9 |  9.4
Invocations    | 1 2 3 4 5 6 7 8 |  8.7
Fighting       | 1 2 3 4 5 6 7 |  7.9
Short Blades   | 1 2 3 4 5 6 7 |  7.9
Long Blades    | 1 2 3 4 5 6 7 |  7.9
Axes           | 1 2 3 4 5 6 7 |  7.9
Maces & Flails | 1 2 3 4 5 6 7 |  7.9
Polearms       | 1 2 3 4 5 6 7 |  7.9
Staves         | 1 2 3 4 5 6 7 |  7.9
Slings         | 1 2 3 4 5 6 7 |  7.9
Bows           | 1 2 3 4 5 6 7 |  7.9
Crossbows      | 1 2 3 4 5 6 7 |  7.9
Throwing       | 1 2 3 4 5 6 7 |  7.9
Armour         | 1 2 3 4 5 6 7 |  7.9
Shields        | 1 2 3 4 5 6 7 |  7.9
Unarmed Combat | 1 2 3 4 5 6 7 |  7.9
Evocations     | 1 2 3 4 5 6 7 |  7.9
Hexes          | 1 2 3 4 5 6 |  6.6
Summonings     | 1 2 3 4 5 6 |  6.6
Necromancy     | 1 2 3 4 5 6 |  6.6
Translocations | 1 2 3 4 5 6 |  6.6
Transmutations | 1 2 3 4 5 6 |  6.6
Fire Magic     | 1 2 3 4 5 6 |  6.6
Ice Magic      | 1 2 3 4 5 6 |  6.6
Earth Magic    | 1 2 3 4 5 6 |  6.6
Poison Magic   | 1 2 3 4 5 6 |  6.6
Dodging        | 5 6 7 8 9 |  9.2
Stealth        | 5 6 7 8 9 |  9.0
Air Magic      | 6 7 8 |  8.6

Action                   |  1- 3 |  4- 6 |  7- 9 | 10-12 | 13-15 || total
-------------------------+-------+-------+-------+-------+-------++-------
Melee: Unarmed           |     2 |       |       |       |       ||     2
       Mace              |       |    26 |    42 |       |       ||    68
       Bite              |       |     2 |    11 |     9 |       ||    22
       Punch             |       |     2 |     5 |     2 |       ||     9
       Spear             |       |       |    36 |       |       ||    36
       Great sword       |       |       |       |    36 |       ||    36
       Long sword        |       |       |       |    37 |       ||    37
 Cast: Shock             |    67 |    70 |   165 |   178 |     4 ||   484
       Airstrike         |       |     3 |    33 |   268 |    14 ||   318
       Static Discharge  |       |     2 |     1 |     5 |       ||     8
       Swiftness         |       |     1 |       |       |       ||     1
       Frozen Ramparts   |       |       |     3 |    44 |       ||    47
       Hailstorm         |       |       |     3 |    11 |     4 ||    18
       Stone Arrow       |       |       |     2 |    12 |       ||    14
       Animate Armour    |       |       |       |     9 |     1 ||    10
Invok: Minor Destruction |       |       |       |     2 |       ||     2
       Lesser Servant of |       |       |       |     1 |       ||     1
       Major Destruction |       |       |       |     1 |       ||     1
  Use: Scroll            |       |       |     3 |     6 |       ||     9
Armor: Robe              |     4 |    21 |    23 |       |       ||    48
       Skin              |       |       |    18 |       |       ||    18
       Leather armour    |       |       |     9 |    66 |       ||    75
Dodge: Dodged            |    10 |    44 |    90 |   150 |     6 ||   300
